 Dungeon Crawl Stone Soup version 0.26-a0-964-g69f9a3b9e2 (webtiles) character file.

Game seed: 10754357377775648786

37 pkoi the Chopper (level 3, -3/30 HPs)
             Began as a Minotaur Gladiator on Dec 2, 2020.
             Slain by Crazy Yiuf
             ... wielding a +2 quarterstaff of chaos
              (9 damage)
             ... on level 2 of the Dungeon.
             The game lasted 00:00:57 (1487 turns).

pkoi the Chopper (Minotaur Gladiator)               Turns: 1487, Time: 00:00:57

Health: -3/30      AC:  8    Str: 19    XL:     3   Next: 23%
Magic:  2/2        EV:  8    Int:  5    God:
Gold:   96         SH:  0    Dex: 11    Spells: 2/2 levels left

rFire    . . .     SeeInvis .   a - +0 war axe
rCold    . . .     Faith    .   (no shield)
rNeg     . . .     Spirit   .   f - +0 chain mail
rPois    .         Reflect  .   c - +0 hat
rElec    .         Harm     .   (no cloak)
rCorr    .         Rampage  .   (no gloves)
MR       .....                  (no boots)
Stlth    ..........             (no amulet)
HPRegen  0.10/turn              (no ring)
MPRegen  0.08/turn              (no ring)

@: lethally poisoned (-3 -> -6)
A: retaliatory headbutt, horns 2
a: no special abilities


You were on level 2 of the Dungeon.
You visited 1 branch of the dungeon, and saw 2 of its levels.

You collected 96 gold pieces.

Inventory:

Hand Weapons
 a - a +0 war axe (weapon)
Missiles
 d - 3 throwing nets (quivered)
 g - 29 poisoned darts
Armour
 b - a +0 leather armour
 c - a +0 hat (worn)
 f - a +0 chain mail (worn)
Jewellery
 j - an uncursed ring of see invisible {unknown}
 s - an uncursed ring of flight {unknown}
Scrolls
 e - 2 scrolls of magic mapping {unknown}
 k - 2 scrolls of remove curse {unknown}
 l - 7 scrolls of identify {unknown}
 n - a scroll of amnesia {unknown}
 o - a scroll of enchant weapon {unknown}
 p - a scroll of random uselessness {unknown}
 q - a scroll of fear {unknown}
 t - a scroll of immolation {unknown}
Potions
 h - a potion of flight {unknown}
 i - a potion of heal wounds {unknown}
 m - 3 potions of lignification {unknown}
 r - a potion of haste {unknown}


   Skills:
 - Level 2.4 Fighting
 + Level 5.3 Axes
 - Level 2.0 Throwing
 - Level 3.2 Dodging


You had 2 spell levels left.
You didn't know any spells.
Your spell library contained the following spells:

 Spells                   Type           Power        Failure   Level
 Animate Skeleton         Necr           #.....       100%        1
 Apportation              Tloc           #.....       100%        1
 Corona                   Hex            #......      100%        1
 Summon Small Mammal      Summ           #...         100%        1


Dungeon Overview and Level Annotations

Branches:
Dungeon (2/15)

Altars:

Annotations:
D:2 Crazy Yiuf


Innate Abilities, Weirdness & Mutations

You reflexively headbutt those who attack you in melee.
You have a pair of horns on your head.


Message History

Crazy Yiuf drinks a potion.
Crazy Yiuf goes berserk!
Crazy Yiuf hits you with a +2 quarterstaff of chaos!
Ouch! That really hurt!
Crazy Yiuf freezes you.
There is an open translucent door, spattered with blood here.
You barely miss Crazy Yiuf. You headbutt Crazy Yiuf!
Crazy Yiuf is moderately wounded.
Crazy Yiuf hits you but does no damage.
You are poisoned.
Crazy Yiuf hits you with a +2 quarterstaff of chaos.
* * * LOW HITPOINT WARNING * * *
You barely miss Crazy Yiuf.
Crazy Yiuf is moderately wounded.
You feel sick. Crazy Yiuf barely misses you. You furiously retaliate!
You headbutt Crazy Yiuf! You slash Crazy Yiuf!
Crazy Yiuf is almost dead.
You feel sick.
Crazy Yiuf hits you with a +2 quarterstaff of chaos!
You die...

#.# ##..##
#..........#
########'# ♣....♣
#..........#
#........# ♣...♣♣
#..........#
#........# ♣♣.♣♣
#....†.....#
#....[...# ♣.♣♣
#..........#
###........# ♣♣.♣
#..........#
..'........# ♣.♣♣
#..........#
###........# ♣♣.♣
#..........#
#...)....# #@#
#..........#
###........#
#.g.#
#..........#
...######..#
#...#
#.######'###
...+....'..#
#..)#
#...........
...######..#
#####
#.######..## ####
#..# #.# ##.##
#..#### #.# #..#
#.....# #.# #...
##.....########.#
#...


You could see Crazy Yiuf (berserk).

Vanquished Creatures
  An ooze (D:2)
  A worm (D:2)
  2 dart slugs (D:2)
  A giant cockroach (D:1)
  3 goblins
  2 hobgoblins (D:2)
  A quokka (D:2)
  A ball python (D:2)
  2 bats
  6 frilled lizards
  2 kobolds
  7 rats
29 creatures vanquished.

Notes
Turn   | Place    | Note
-------+----------+-------------------------------------------
     0 | D:1      | pkoi the Minotaur Gladiator began the quest for the Orb.
     0 | D:1      | Reached XP level 1. HP: 18/18 MP: 0/0
   168 | D:1      | Reached skill level 4 in Axes
   319 | D:1      | Reached XP level 2. HP: 25/25 MP: 1/1
   953 | D:2      | Reached skill level 5 in Axes
  1029 | D:2      | Reached XP level 3. HP: 30/30 MP: 2/2
  1356 | D:2      | Found a runed translucent door.
  1357 | D:2      | Noticed Crazy Yiuf
  1487 | D:2      | Slain by Crazy Yiuf

Illustrated notes

Levels and vault maps discovered:
D:1:      matt_arrival_refuge, layout_basic, corexii_leaking_fountain,
          kennysheep_pointless_box
D:2:      layout_basic, minmay_box_of_dots, uniq_crazy_yiuf_cottage

Skill      XL: |  1  2 |
---------------+-------+-----
Axes           | 4 5 |  5.3
Fighting       | |  2.4
Throwing       | |  2.0
Dodging        | |  3.2

Action                   || total
-------------------------++-------
Melee: War axe           ||    69
       Headbutt          ||     9
Armor: Chain mail        ||    41
Dodge: Dodged            ||    17

Table legend: (Time is in decaauts)
 A = Elapsed time spent in this place.
 B = Non-inter-level travel time spent in this place.
 C = Inter-level travel time spent in this place.
 D = Time resting spent in this place.
 E = Time spent auto-exploring this place.
 F = Levels seen in this place.
 G = Mean time per level.
                   A        B        C        D        E       F      G
               +--------+--------+--------+--------+--------+-----+--------+
         Total |   1505 |   1485 |     20 |    233 |   1046 |   2 |  752.5 |
       Dungeon |   1505 |   1485 |     20 |    233 |   1046 |   2 |  752.5 |
               +--------+--------+--------+--------+--------+-----+--------+

Top non-repeatable levels by time:
     D:2: 928 daAuts
     D:1: 577 daAuts
